 Dungeon Crawl Stone Soup version 0.29-a0-1047-g7c58e119a4 (webtiles) character file.

Game seed: 2203467975924796983

452 nickcage the Spear-Bearer (level 7, 0/52 HPs)
             Began as a Merfolk Gladiator on Aug 16, 2022.
             Slain by Edmund
             ... wielding a +3 flail of holy wrath
              (6 damage)
             ... on level 4 of the Dungeon.
             The game lasted 00:07:46 (4745 turns).

nickcage the Spear-Bearer (Merfolk Gladiator)       Turns: 4745, Time: 00:07:47

Health: 0/52       AC: 12    Str: 16    XL:     7   Next: 5%
Magic:  7/7        EV:  4    Int:  7    God:
Gold:   264        SH:  7    Dex: 16    Spells: 6/6 levels left

rFire   . . .      SeeInvis .   a - +0 trident
rCold   + . .      Faith    .   f - +0 kite shield
rNeg    . . .      Spirit   .   o - +0 plate armour
rPois   .          Reflect  .   c - +0 helmet
rElec   .          Harm     .   y - scarf {+Inv}
rCorr   .          Rampage  .   s - +0 pair of gloves
Will    .....                   (no boots)
Stlth   ..........              (no amulet)
HPRegen 0.17/turn               p - ring of protection from cold
MPRegen 0.10/turn               (no ring)

@: no status effects
A: (nimble swimmer 2), mertail
a: Evoke Invisibility


You were on level 4 of the Dungeon.
You visited 1 branch of the dungeon, and saw 4 of its levels.

You collected 264 gold pieces.

Inventory:

Hand Weapons
 a - a +0 trident (weapon)
Missiles
 d - 3 throwing nets
 e - 5 javelins (quivered)
Armour
 c - a +0 helmet (worn)
 f - a +0 kite shield (worn)
 o - a +0 plate armour (worn)
 s - a +0 pair of gloves (worn)
 y - a scarf of invisibility (worn)
Jewellery
 p - a ring of protection from cold (left hand)
Wands
 x - a wand of quicksilver (7)
 z - a wand of paralysis (8)
Scrolls
 b - a scroll of poison {unknown}
 h - 5 scrolls of identify {unknown}
 j - 4 scrolls of teleportation {unknown}
 m - a scroll of blinking {unknown}
 q - a scroll of immolation {unknown}
 t - a scroll of enchant weapon {unknown}
 v - a scroll of fear {unknown}
Potions
 g - 2 potions of curing {unknown}
 i - a potion of flight {unknown}
 k - 4 potions of brilliance {unknown}
 l - 3 potions of heal wounds {unknown}
 n - a potion of haste {unknown}
 r - 2 potions of attraction {unknown}
 u - a potion of mutation {unknown}
 w - a potion of lignification {unknown}


   Skills:
 - Level 3.0 Fighting
 + Level 8.7 Polearms
 - Level 2.0 Throwing
 - Level 1.5 Armour
 - Level 4.9 Dodging
 - Level 0.1 Stealth


You had 6 spell levels left.
You didn't know any spells.
Your spell library contained the following spells:

 Spells                   Type           Power      Damage    Failure   Level
 Gell's Gravitas          Tloc           0%         N/A       100%        3
 Lesser Beckoning         Tloc           0%         N/A       100%        3
 Teleport Other           Tloc           0%         N/A       100%        3
 Fireball                 Conj/Fire      0%         3d3       100%        5
 Starburst                Conj/Fire      0%         6d3       100%        6
 Ignition                 Fire           0%         3d3       100%        8


Dungeon Overview and Level Annotations

Branches:
Dungeon (4/15)
 Temple: D:4-7

Altars:

Shops:
D:4 *

Annotations:
D:4 Edmund


Innate Abilities, Weirdness & Mutations

((You are very nimble when in or above water. (Stealth+, EV+, Speed+++)))
Your lower body shifts to a powerful aquatic tail in water.


Message History

Edmund hits you but does no damage.
You barely miss Edmund.
Edmund is severely wounded.
Edmund hits you with a +3 flail of holy wrath.
Edmund hits you but does no damage.
You closely miss Edmund.
Edmund is severely wounded.
Edmund hits you with a +3 flail of holy wrath!
* * * LOW HITPOINT WARNING * * *
You hit Edmund but do no damage.
Edmund is severely wounded.
You block Edmund's attack.
You puncture Edmund!
Edmund is severely wounded.
Edmund hits you with a +3 flail of holy wrath!
* * * LOW HITPOINT WARNING * * *
You hit Edmund but do no damage.
Edmund is severely wounded.
Edmund hits you with a +3 flail of holy wrath.
* * * LOW HITPOINT WARNING * * *
You closely miss Edmund.
Edmund is severely wounded.
Edmund hits you but does no damage.
You hit Edmund but do no damage.
Edmund is severely wounded.
You block Edmund's attack.
You hit Edmund but do no damage.
Edmund is severely wounded.
Edmund hits you but does no damage.
You hit Edmund but do no damage.
Edmund is severely wounded.
Edmund asks, "Have you met my wondrous brother?"
You block Edmund's attack.
You hit Edmund but do no damage.
Edmund is severely wounded.
You block Edmund's attack.
You hit Edmund but do no damage.
Edmund is severely wounded.
Edmund hits you with a +3 flail of holy wrath.
You die...

...[..+.....#########
.#####..............##
...#....##.......#
##....#..##.......#
#..#(............#
#....#........$..#
#..#.............+
#....#.###..#.##.#
#..#... #..@∩...#
#....#......#@#..... #
.#............ ... #..
#............ .
...#......##...#
.########## ####


You could see Edmund.

Vanquished Creatures
  A bullfrog (D:3)
  A necrophage (D:4)
  A jelly (D:3)
  3 orc wizards (D:4)
  10 adders
  3 gnolls (D:4)
  A worm (D:3)
  2 dart slugs
  5 orcs
  8 bats
  3 endoplasms
  4 giant cockroaches
  9 goblins
  6 hobgoblins
  9 jackals
  2 quokkas
  4 ball pythons (D:3)
  A frilled lizard (D:3)
  3 kobolds
  6 rats
82 creatures vanquished.

Vanquished Creatures (others)
  An orc wizard (D:4)
1 creature vanquished.

Grand Total: 83 creatures vanquished

Notes
Turn   | Place    | Note
-------+----------+-------------------------------------------
     0 | D:1      | nickcage the Merfolk Gladiator began the quest for the Orb.
     0 | D:1      | Reached XP level 1. HP: 16/16 MP: 1/1
   198 | D:1      | Reached XP level 2. HP: 15/22 MP: 2/2
   297 | D:1      | Found a faded altar of an unknown god.
  1404 | D:2      | Reached XP level 3. HP: 28/28 MP: 3/3
  1904 | D:2      | Reached skill level 5 in Polearms
  1984 | D:2      | Reached XP level 4. HP: 19/34 MP: 4/4
  3091 | D:3      | Reached skill level 6 in Polearms
  3091 | D:3      | Reached skill level 1 in Armour
  3091 | D:3      | Reached XP level 5. HP: 29/39 MP: 5/5
  3091 | D:3      | Identified the +1 cloak of Plog {rElec rC+ Will+ Str-4}
  3679 | D:3      | Reached XP level 6. HP: 47/47 MP: 6/6
  4128 | D:4      | Reached skill level 7 in Polearms
  4480 | D:4      | Reached skill level 8 in Polearms
  4684 | D:4      | Reached XP level 7. HP: 47/52 MP: 7/7
  4718 | D:4      | Found Falis's General Store.
  4724 | D:4      | Noticed Edmund
  4745 | D:4      | Slain by Edmund

Illustrated notes

Levels and vault maps discovered:
D:1:      minmay_arrival_doors, layout_basic,
          dreamdust_ecumenical_altar_angels_and_demons
D:2:      layout_basic, minmay_bisected
D:3:      layout_loops_corners, st_stairs_4, hex_large,
          hangedman_feature_mirror, minivault_11
D:4:      layout_gridville, serial_shops, nicolae_shop_crystal,
          minmay_crystal_room, grunt_ministairs_6, minmay_misc_feat_pillars,
          uniq_edmund

Skill      XL: |  1  2  3  4  5  6 |
---------------+-------------------+-----
Polearms       | 5 6 8 |  8.7
Armour         | 1 |  1.5
Fighting       | 3 |  3.0
Throwing       | |  2.0
Dodging        | |  4.9
Stealth        | |  0.1

Action                   |  1- 3 |  4- 6 |  7- 9 || total
-------------------------+-------+-------+-------++-------
Melee: Trident           |   109 |   236 |    20 ||   365
       Punch             |     4 |     2 |       ||     6
Throw: Javelin           |       |     2 |       ||     2
Armor: Ring mail         |    27 |       |       ||    27
       Leather armour    |     2 |       |       ||     2
       Plate armour      |    25 |   152 |     5 ||   182
Dodge: Dodged            |    74 |    57 |     1 ||   132
Block: Kite shield       |       |    40 |     5 ||    45

Table legend: (Time is in decaauts)
 A = Elapsed time spent in this place.
 B = Non-inter-level travel time spent in this place.
 C = Inter-level travel time spent in this place.
 D = Time resting spent in this place.
 E = Time spent auto-exploring this place.
 F = Levels seen in this place.
 G = Mean time per level.
                   A        B        C        D        E       F      G
               +--------+--------+--------+--------+--------+-----+--------+
         Total |   4773 |   4627 |    146 |    728 |   3218 |   4 | 1193.2 |
       Dungeon |   4773 |   4627 |    146 |    728 |   3218 |   4 | 1193.2 |
               +--------+--------+--------+--------+--------+-----+--------+

Top non-repeatable levels by time:
     D:3: 1548 daAuts
     D:1: 1405 daAuts
     D:2: 1126 daAuts
     D:4: 693 daAuts
